Unix NetHack Version 3.7.0-50 Work-in-progress - last build Feb 18 2022 03:49:16. Game began 2022-02-16 18:06:07, ended 2022-02-19 10:15:35. greg, lawful female human Valkyrie ----------- ------------ |...%.[..(| |..![??.>..| |... |...[%%%*)| |..??(?....| #...^| |..........# $#|.........| |...!=?..*..#####|....######...........%#######----|------ |+.....@_..|# #|$..|# #-------.---# # ### ---|-------- #-|- # # # ## # ## # ##%# # ## ## $ # # # # # # # # -----------.---- # # -|- |........<.....| #######` ....| |..............-##### # ....| |......$.......| # ....| ....^.......| ------------ Greg the Woman-at-arms St:18/10 Dx:16 Co:18 In:11 Wi:15 Ch:11 Lawful S:267813 Dlvl:24 $:2513 HP:0(107) Pw:42(42) AC:10 Xp:13/72876 T:25282 Stone Burdened Latest messages: E - a blessed scroll of create monster. f - a blessed scroll of enchant armor. y - a cursed scroll of enchant weapon. l - a cursed scroll of remove curse. You have a little trouble lifting an uncursed potion of enlightenment. Continue? [ynq] (q) q You have a little trouble lifting an uncursed potion of enlightenment. Continue? [ynq] (q) y You have a little trouble lifting B - an uncursed potion of enlightenment. You have a little trouble lifting w - an uncursed potion of healing. You have a little trouble lifting R - a cursed shiny ring. You have a little trouble lifting t - a cursed topaz ring. You have a little trouble lifting j - an uncursed marble wand. You have a little trouble lifting k - an uncursed wand of striking. You have a little trouble lifting p - an uncursed wand of undead turning. You have a little trouble lifting g - an uncursed wand of wishing. You have a little trouble lifting e - a blessed magic marker. Your movements are slowed slightly because of your load. What do you want to take off? [zFOS or ?*] z You were wearing a blessed corroded +0 dented pot. What do you want to take off? [FOS or ?*] F You finish taking off your gauntlets. What do you want to take off? [OS or ?*] O You were wearing a blessed +5 shield of reflection. You were wearing an uncursed +0 cloak of protection. Really save? [yn] (n) n The chickatrice bites! The chickatrice misses! You finish taking off your dragon mail. Really save? [yn] (n) n What do you want to wield? [- aIPU or ?*] a You are already wielding that! You hit the chickatrice! The chickatrice bites! The chickatrice touches you! The chickatrice bites! The chickatrice touches you! You hear the chickatrice's hissing! You are slowing down. You kill the chickatrice! The chickatrice bites! The chickatrice touches you! You kill the chickatrice! Your limbs are stiffening. Your limbs have turned to stone. You have turned to stone. You are a statue. Do you want your possessions identified? [ynq] (y) y Do you want to see your attributes? [ynq] (y) y Do you want an account of creatures vanquished? [ynaq] (y) y Do you want to see your conduct and achievements? [ynq] (y) y Do you want to see the dungeon overview? [ynq] (y) y Major events: Turn 1: greg the lawful human Valkyrie entered the dungeon 5: became literate by engraving "fire" 50: hit with a wielded weapon for the first time 50: killed for the first time 187: ate for the first time - lichen corpse 276: entered new level 2, The Dungeons of Doom 317: entered new level 3, The Dungeons of Doom 581: gained experience level 2 584: consumed animal products for the first time, by eating a hobbit corpse 776: entered new level 4, The Dungeons of Doom 836: entered new level 5, The Dungeons of Doom 891: attained the rank of Skirmisher (level 3) 1113: gained experience level 4 1291: entered new level 1, The Gnomish Mines 1291: entered the Gnomish Mines 1725: gained experience level 5 1836: entered new level 2, The Gnomish Mines 2230: entered new level 3, The Gnomish Mines 2300: attained the rank of Fighter (level 6) 2300: destroyed Gandelf's ghost, the former Novice 2348: destroyed Mishka's ghost, the former Fighter 2556: reached Mine Town 2556: entered a shop 2664: entered a temple 2725: eschewed atheism, by dropping a dagger on an altar 3476: gained experience level 7 3946: made her first wish - "a blessed +2 greased gray dragon scale mail" 4393: entered new level 6, The Dungeons of Doom 4685: entered new level 7, The Dungeons of Doom 5446: gained experience level 8 5656: entered new level 4, The Gnomish Mines 5709: entered new level 5, The Gnomish Mines 5773: entered new level 6, The Gnomish Mines 5919: entered new level 7, The Gnomish Mines 5977: entered new level 8, The Gnomish Mines 7293: gained experience level 9 8610: acquired the Mines' End luckstone 9367: attained the rank of Woman-at-arms (level 10) 9781: entered new level 8, The Dungeons of Doom 9906: entered new level 9, The Dungeons of Doom 10370: entered new level 4, Sokoban 10370: entered Sokoban 11013: entered new level 10, The Dungeons of Doom 11267: entered new level 11, The Dungeons of Doom 13613: entered new level 12, The Dungeons of Doom 14085: entered new level 13, The Dungeons of Doom 14215: entered new level 14, The Dungeons of Doom 14694: gained experience level 11 14814: entered new level 15, The Dungeons of Doom 14859: gained experience level 12 15169: entered new level 16, The Dungeons of Doom 15741: entered new level 17, The Dungeons of Doom 15926: entered new level 18, The Dungeons of Doom 16072: entered new level 19, The Dungeons of Doom 17427: entered new level 20, The Dungeons of Doom 17727: entered new level 21, The Dungeons of Doom 17782: wished for "a blessed +2 shield of reflection" 17829: entered new level 22, The Dungeons of Doom 18032: entered new level 23, The Dungeons of Doom 18257: entered new level 24, The Dungeons of Doom 18348: entered new level 25, The Dungeons of Doom 18622: killed Medusa 19094: entered new level 26, The Dungeons of Doom 19107: entered new level 27, The Dungeons of Doom 19301: entered new level 28, The Dungeons of Doom 19446: gained experience level 13 19749: entered new level 29, The Dungeons of Doom 24247: entered new level 1, Gehennom 24247: entered Gehennom 24960: wished for "2 blessed scroll of charging" 24962: wished for "a blessed magic marker" Inventory: Coins $ - 2513 gold pieces Amulets r - an uncursed amulet of ESP J - an uncursed amulet of ESP A - an uncursed amulet of magical breathing Weapons P - 6 +0 silver arrows a - the rustproof +5 Excalibur (weapon in hand) Armor z - a blessed corroded +0 dented pot F - a blessed rustproof +4 pair of gauntlets of power N - an uncursed -1 pair of levitation boots M - a blessed +3 pair of speed boots O - a blessed +5 shield of reflection S - an uncursed +0 cloak of protection n - a blessed +5 gray dragon scale mail Comestibles q - 2 uncursed slime molds h - 4 uncursed food rations d - an uncursed tripe ration D - an uncursed lizard corpse Scrolls G - 2 blessed scrolls of blank paper K - 3 uncursed scrolls of blank paper C - 2 cursed scrolls of blank paper Z - a blessed scroll of charging E - a blessed scroll of create monster f - a blessed scroll of enchant armor y - a cursed scroll of enchant weapon l - a cursed scroll of remove curse Potions Y - an uncursed potion of confusion B - an uncursed potion of enlightenment w - an uncursed potion of healing W - 4 potions of holy water Rings t - a cursed -2 ring of increase accuracy R - a cursed ring of invisibility Wands b - a wand of cold (0:5) m - a wand of cold (0:0) j - a wand of light (0:15) k - a wand of striking (0:2) p - a wand of undead turning (0:5) g - a wand of wishing (1:2) Tools i - an uncursed sack containing 25 items c - an uncursed blindfold x - an uncursed lock pick e - a blessed magic marker (0:38) o - a blessed magic marker (1:7) Q - an uncursed magic whistle U - a rusty corroded +0 pick-axe I - a +0 unicorn horn Gems/Stones s - an uncursed diamond T - an uncursed dilithium crystal u - an uncursed emerald H - 4 uncursed jasper stones v - 5 uncursed rubies V - an uncursed sapphire L - an uncursed luckstone Contents of the sack: an uncursed scroll of enchant weapon an uncursed scroll of taming a cursed scroll of taming an uncursed potion of gain ability an uncursed potion of healing a blessed potion of invisibility an uncursed potion of object detection a potion of unholy water a cursed -1 ring of increase damage a cursed ring of polymorph a cursed ring of polymorph control an uncursed ring of see invisible an uncursed ring of shock resistance a wand of create monster (0:13) a wand of create monster (0:13) a cursed wand of create monster (0:12) a wand of digging (0:7) a wand of digging (0:6) a cursed wand of fire (0:5) a cursed wand of lightning (0:6) a wand of magic missile (0:0) a wand of secret door detection (0:11) a wand of undead turning (0:6) a bag of tricks (0:19) a bag of tricks (0:1) Greg the Valkyrie's attributes: Background: You were a Woman-at-arms, a level 13 human Valkyrie. You were lawful, on a mission for Tyr who was opposed by Odin (neutral) and Loki (chaotic). You were in the Dungeons of Doom, on level 24. You entered the dungeon 25282 turns ago. You had 72876 experience points, 7124 more were needed to attain level 14. Your score was 267813 before end-of-game adjustments. Basics: You had 0 out of 107 hit points. You had all 42 energy points (spell power). Your armor class was 10. Your wallet contained 2513 zorkmids. Autopickup was off. Final Characteristics: Your strength was 18/10 (limit:18/100). Your dexterity was 16 (peak:17, limit:18). Your constitution was 18 (limit:18). Your intelligence was 11 (limit:18). Your wisdom was 15 (limit:18). Your charisma was 11 (limit:18). Final Status: You turned into stone. You were not hungry. You were burdened; movement was slightly slowed. You were wielding a long sword. You had expert skill with long sword. You were not wearing any armor. Final Attributes: You were piously aligned. You were fire resistant. You were cold resistant. You were shock resistant. You were poison resistant. You were level-drain resistant. You were telepathic. You had automatic searching. You were stealthy. You were lucky. You had extra luck. Bad luck did not time out for you. Good luck did not time out for you. You are dead. Miscellaneous: You encountered 1 bones level. Total elapsed playing time was 9 hours, 1 minute and 44 seconds. Vanquished creatures: Medusa a purple worm a gray dragon 2 gold dragons a white dragon a green dragon 2 minotaurs a baluchitherium 5 stone golems an Olog-hai 2 Nazgul a titanothere a trapper 2 genetic engineers a disenchanter 2 captains 4 liches 3 nurses 2 lurkers above 3 frost giants 2 ettins 6 black puddings 2 vampires 8 lieutenants 4 ghosts 2 giant mimics a zruty 4 ogre tyrants an ice troll a rock troll 4 umber hulks a flesh golem 2 elven monarchs 4 large mimics 4 stalkers an air elemental 2 fire elementals 3 water elementals 2 hill giants 4 xorns a giant zombie 3 sergeants a water demon 2 wargs a winter wolf 15 small mimics a warhorse 2 xans 2 ogre leaders 4 quantum mechanics 5 trolls 2 wood golems 4 sharks 6 electric eels 3 gelatinous cubes a pyrolisk a large dog a freezing sphere 4 shocking spheres 3 tigers 4 gargoyles a tengu 2 ochre jellies 2 leocrottas 2 energy vortices 3 elf mummies a human mummy 2 red nagas a python a pit viper 6 cobras 2 wraiths a carnivorous ape a leather golem 5 Grey-elves 47 soldiers 3 watchmen a chameleon a crocodile 5 giant beetles 4 quivering blobs 4 cockatrices 6 wolves a winter wolf cub 2 panthers 6 gremlins a spotted jelly 9 leprechauns an orc-captain a mumak 7 giant spiders a scorpion 4 horses a black light 2 vampire bats 2 forest centaurs 3 gnome rulers 4 orc mummies a dwarf mummy 5 ogres 3 brown puddings 6 rust monsters 5 owlbears 5 yetis 2 gold golems 3 werewolves 2 Green-elves 4 giant eels 4 lizards 4 chickatrices 2 dingoes a dog 2 housecats 3 blue jellies 3 gray unicorns a black unicorn 6 dust vortices a raven 4 plains centaurs 2 gnome mummies 4 snakes 13 human zombies 3 Woodland-elves 27 soldier ants 10 fire ants 5 bugbears 6 quasits 3 water nymphs an orc shaman a rock piercer 2 rock moles 2 ponies 3 fog clouds 8 yellow lights 4 shriekers 2 violet fungi 13 gnome leaders 5 gnomish wizards 3 kobold mummies 2 gray oozes 3 barrow wights 7 elf zombies a ghoul a straw golem 2 paper golems 2 jellyfish 4 giant ants 2 little dogs 8 floating eyes a kitten 3 dwarves 4 homunculi a kobold leader 2 kobold shamans 14 hill orcs 11 rothes 3 rabid rats a centipede 4 giant bats 2 monkeys 5 orc zombies 6 dwarf zombies 2 wererats 7 iguanas 11 killer bees an acid blob a coyote 3 gas spores 3 hobbits a manes 3 large kobolds 6 hobgoblins 4 giant rats 15 cave spiders 2 brown molds 4 yellow molds 3 red molds 57 gnomes 7 garter snakes a gnome zombie 7 geckos 6 jackals a fox 5 goblins a sewer rat 6 grid bugs 8 lichens 2 kobold zombies 8 newts 755 creatures vanquished. No species were genocided or became extinct. Voluntary challenges: You read items or engraved 61 times. You engraved Elbereth 1 time. You never genocided any monsters. You never polymorphed an object. You never changed form. You used 4 wishes. You did not wish for any artifacts. You did not violate any of the special Sokoban rules. Achievements: You attained the rank of Skirmisher. You entered the Gnomish Mines. You attained the rank of Fighter. You entered Minetown. You entered a shop. You entered a temple. You completed the Gnomish Mines. You attained the rank of Woman-at-arms. You entered Sokoban. You defeated Medusa. You entered Gehennom. The Dungeons of Doom: levels 1 to 29 Level 1: A sink. Level 2: Level 3: Level 4: Stairs down to The Gnomish Mines. Level 5: Level 6: Level 7: A fountain. Level 8: Many fountains. Oracle of Delphi. Level 9: Stairs up to Sokoban, level 8. Level 10: A sink. Level 11: Level 12: Level 13: Level 14: A general store. Summoned by the Norn. Level 15: An altar to Tyr. Level 16: A primitive area. Level 17: Level 18: Level 19: An armor shop, a fountain. Level 20: An altar, many fountains. Level 21: A temple, a fountain. Level 22: A fountain, a grave. Level 23: A temple to Tyr. Level 24: <- You were here. A general store, an altar to Tyr. Final resting place for you, petrified by a chickatrice. Level 25: Level 26: Level 27: Level 28: A temple. Level 29: A fountain. The castle. Connection to Gehennom. Gehennom: Level 30: The Gnomish Mines: levels 5 to 12 Level 5: Level 6: Level 7: Many shops, a temple to Tyr, some graves. Final resting place for Gandelf-Mon-Hum-Mal-Neu, killed by a fire ant, Mishka-Val-Dwa-Fem-Law, killed by a fire ant. Level 8: Level 9: Level 10: Level 11: Level 12: Sokoban: Level 8: Unsolved. Game over: ---------- / \ / REST \ / IN \ / PEACE \ / \ | greg | | 2513 Au | | petrified by a | | chickatrice | | | | | | 2022 | *| * * * | * _________)/\\_//(\/(/\)/\//\/|_)_______ Farvel greg the Valkyrie... You turned to stone in The Dungeons of Doom on dungeon level 24 with 267562 points, and 2513 pieces of gold, after 25282 moves. You were level 13 with a maximum of 107 hit points when you turned to stone.